 Dungeon Crawl Stone Soup version 0.23-a0-703-gdf2d5e0 (console) character file.

35 Duffy the Conjurer (level 3, 24/24 HPs)
             Began as a Demonspawn Fire Elementalist on Jan 13, 2019.
             Quit the game on level 3 of the Dungeon.
             The game lasted 00:00:46 (773 turns).

Duffy the Conjurer (Demonspawn Fire Elementalist)    Turns: 773, Time: 00:00:47

Health: 24/24      AC:  9    Str:  8    XL:     3   Next: 16%
Magic:  3/6        EV: 12    Int: 17    God:
Gold:   21         SH:  0    Dex: 13    Spells: 5/6 levels left

rFire    . . .     SeeInvis .   (no weapon)
rCold    . . .     Gourm    .   (no shield)
rNeg     . . .     Faith    .   a - +0 robe
rPois    .         Spirit   .   (no helmet)
rElec    .         Reflect  .   (no cloak)
rCorr    .         Harm     .   (no gloves)
MR       .....                  (no boots)
Stlth    ++........             (no amulet)
HPRegen  0.08/turn              e - +5 ring of protection
MPRegen  0.10/turn              (no ring)

@: no status effects
A: molten scales 1, demonic guardian 1
a: no special abilities


You were on level 3 of the Dungeon.
You were not hungry.

You visited 1 branch of the dungeon, and saw 3 of its levels.

You collected 21 gold pieces.

Inventory:

Armour
 a - a +0 robe (worn)
Jewellery
 e - a +5 ring of protection (left hand)
Scrolls
 b - a scroll of fear {unknown}
 f - a scroll of identify {unknown}
Comestibles
 c - a ration


   Skills:
 - Level 1.7 Dodging
 - Level 1.7 Stealth
 - Level 2.0 Spellcasting
 + Level 3.1 Conjurations
 - Level 2.6 Fire Magic


You had 5 spell levels left.
You knew the following spells:

 Your Spells              Type           Power        Failure   Level  Hunger
h - Flame Tongue          Conj/Fire      ##...        6%          1    #......

Your spell library contained the following spells:

 Spells                   Type           Power        Failure   Level  Hunger
 Throw Flame              Conj/Fire      ##....       9%          2    ###....
 Conjure Flame            Conj/Fire      ##......     17%         3    ###....
 Inner Flame              Hex/Fire       #.......     32%         3    ###....
 Sticky Flame             Conj/Fire      ##......     50%         4    #####..
 Fireball                 Conj/Fire      ##........   85%         5    ######.


Dungeon Overview and Level Annotations

Branches:
Dungeon (3/15)

Altars:

Annotations:
D:3 1 runed door, pidr's ghost, amateur SpWz


Innate Abilities, Weirdness & Mutations

You are partially covered in molten scales. (AC +2)
A weak demonic guardian rushes to your aid.


Message History

Press: ? - help, Shift-Dir - straight line, f - adder
Aim: an adder The flame tongue hits the adder.
The adder is almost dead.
The adder bites you but does no damage.
All of the chunks of flesh in your inventory have rotted away.
Casting: Flame Tongue (safe; 7% risk of failure)
Confirm with . or Enter, or press ? or * to list all spells.
Aiming: Flame Tongue (safe; 7% risk of failure)
Press: ? - help, Shift-Dir - straight line, f/p - adder
Aim: an adder (almost dead)
The flame tongue hits the adder.
You kill the adder!
Your Conjurations skill increases to level 3!
You have reached level 3!
Your experience leads to an increase in your attributes!
Increase (S)trength, (I)ntelligence, or (D)exterity?
You feel clever.
Your demonic ancestry asserts itself...
You feel the presence of a demonic guardian.
Are you sure you want to abandon this character and quit the game? (Confirm with "yes".)

#####.##.. .# ...(...#.#
#.# .......# #.# .#
#####....# #.# .#
.........# #.# #.##
#####%##)#####.# S..
#.##.......# ..#
#.##.#.....# ..#
#@...#.###.####..##
#.................#
.........###.###+####....
#.#####..# #.##Sr~# .#.#
#..# #.##W~~# .# # ....
..##~~~# .#
##..######~~~# .# ....
#~)~# .# #..# #~~~# ..


There were no monsters in sight!

Vanquished Creatures
  3 adders
  An orc (D:2)
  A goblin (D:1)
  2 hobgoblins
  A rat (D:1)
8 creatures vanquished.

Notes
Turn   | Place    | Note
-------+----------+-------------------------------------------
     0 | D:1      | Duffy the Demonspawn Fire Elementalist began the quest for
                  | the Orb.
     0 | D:1      | Reached XP level 1. HP: 13/13 MP: 3/3
   367 | D:3      | Reached skill level 2 in Conjurations
   367 | D:3      | Gained mutation: You are partially covered in molten
                  | scales. (AC +2) [demonic ancestry]
   367 | D:3      | Reached XP level 2. HP: 14/19 MP: 0/5
   536 | D:3      | Found a runed door.
   564 | D:3      | Noticed pidr's ghost (amateur SpWz)
   772 | D:3      | Reached skill level 3 in Conjurations
   772 | D:3      | Gained mutation: A weak demonic guardian rushes to your
                  | aid. [demonic ancestry]
   772 | D:3      | Reached XP level 3. HP: 24/24 MP: 3/6
   773 | D:3      | Quit the game

Vault maps used:
D:1:      minmay_arrival_checkered_box, kennysheep_boxes
D:2:      nicolae_gozag_seed_capital
D:3:      ebering_ghost_sewer_f, uniq_jessica

Skill      XL: |  1  2 |
---------------+-------+-----
Conjurations   | 2 3 |  3.1
Dodging        | |  1.7
Stealth        | |  1.7
Spellcasting   | |  2.0
Fire Magic     | |  2.6

Action                   || total
-------------------------++-------
Melee: Unarmed           ||     5
 Cast: Flame Tongue      ||    18
Armor: Robe              ||    13
Dodge: Dodged            ||     8

Table legend:
 A = Non-vault XP
 B = Vault XP
 C = Vault XP percentage of total XP
 D = Non-vault monster count
 E = Vault monster count
 F = Vault count percentage of total count
                 A         B        C        D         E       F
            +---------+---------+-------+---------+---------+-------
      Total |      50 |       0 |   0.0 |       8 |       0 |   0.0
            +---------+---------+-------+---------+---------+-------
        D:1 |       5 |       0 |   0.0 |       3 |       0 |   0.0
        D:2 |      17 |       0 |   0.0 |       2 |       0 |   0.0
        D:3 |      28 |       0 |   0.0 |       3 |       0 |   0.0
            +---------+---------+-------+---------+---------+-------
